 Dungeon Crawl Stone Soup version 0.28-a0-655-g4eb62b627b (webtiles) character file.

Game seed: 9534021986636999348

121 sleeves the Slasher (level 4, -2/35 HPs)
             Began as a Demonspawn Fighter on Oct 12, 2021.
             Blown up by Ijyb (33 damage)
             ... with a mindburst bolt
             ... on level 4 of the Dungeon.
             The game lasted 00:02:45 (3321 turns).

sleeves the Slasher (Demonspawn Fighter)            Turns: 3321, Time: 00:02:45

Health: -2/35      AC:  8    Str: 23    XL:     4   Next: 76%
Magic:  4/4        EV: 10    Int:  9    God:
Gold:   140        SH:  4    Dex: 13    Spells: 3/3 levels left

rFire   . . .      SeeInvis .   a - +0 long sword
rCold   . . .      Faith    .   c - +0 buckler
rNeg    . . .      Spirit   .   j - +0 ring mail
rPois   .          Reflect  .   (no helmet)
rElec   .          Harm     .   p - +2 cloak
rCorr   .          Rampage  .   (no gloves)
Will    .....                   (no boots)
Stlth   +.........              (no amulet)
HPRegen 0.11/turn               f - +6 ring of strength
MPRegen 0.09/turn               (no ring)

@: no status effects
A: weakness stinger 1
a: no special abilities


You were on level 4 of the Dungeon.
You visited 1 branch of the dungeon, and saw 4 of its levels.

You collected 140 gold pieces.

Inventory:

Hand Weapons
 a - a +0 long sword (weapon)
Armour
 c - a +0 buckler (worn)
 j - a +0 ring mail (worn)
   (You found it on level 1 of the Dungeon)
 p - a +2 cloak (worn)
   (You found it on level 4 of the Dungeon)
Magical Staves
 m - a staff of conjuration
   (You found it on level 2 of the Dungeon)
Jewellery
 f - a +6 ring of strength (left hand)
   (You found it on level 1 of the Dungeon)
Scrolls
 g - a scroll of brand weapon {unknown}
 n - 2 scrolls of identify {unknown}
 o - 3 scrolls of fog {unknown}
Potions
 b - 2 potions of lignification {unknown}
 d - a potion of might
 e - 2 potions of mutation {unknown}
 h - a potion of haste
 i - 2 potions of flight {unknown}
 k - 2 potions of curing {unknown}
 l - 2 potions of ambrosia {unknown}


   Skills:
 - Level 3.0 Fighting
 + Level 4.6 Long Blades
 - Level 2.6 Armour
 - Level 2.6 Shields


You had 3 spell levels left.
You didn't know any spells.
Your spell library contained the following spells:

 Spells                   Type           Power      Damage    Failure   Level
 Ignite Poison            Fire/Tmut/Pois 0%         N/A       92%         3
 Mephitic Cloud           Conj/Pois/Air  0%         N/A       92%         3
 Freezing Cloud           Conj/Ice/Air   0%         6-21      100%        5


Dungeon Overview and Level Annotations

Branches:
Dungeon (4/15)
 Temple: D:4-7

Altars:
Dithmenos

Shops:
D:4 *

Annotations:
D:4 Ijyb, Pikel


Innate Abilities, Weirdness & Mutations

You have a small tail.


Message History

Welcome, sleeves the Demonspawn Fighter.
Are you destined to find the wondrous Orb of Zot, or to die trying?
Press ? for a list of commands and other information.
Found a staircase leading out of the dungeon.
Found an escape hatch in the floor.
There is an escape hatch in the floor here.
A rat comes into view.
A rat is nearby!
You hit the rat.
You kill the rat!
No target in view!
No target in view!
No target in view!
No target in view!
No target in view!
No target in view!
Found an escape hatch in the floor.
A rat comes into view.
A rat is nearby!
You hit the rat.
You kill the rat!
No target in view!
You now have 10 gold pieces.
You now have 19 gold pieces (gained 9).
Found an escape hatch in the floor.
You now have 35 gold pieces (gained 16).
There is an escape hatch in the floor here.
A ball python comes into view.
The ball python hisses angrily.
The ball python bites you but does no damage.
The ball python barely misses you. The ball python closely misses you.
The ball python grabs you. The ball python constricts you.
A ball python is nearby!
You closely miss the ball python. You block the ball python's attack.
The ball python constricts you.
You slash the ball python!
You kill the ball python!
Your Long Blades skill increases to level 2!
No target in view!
No target in view!
No target in view!
No target in view!
No target in view!
No target in view!
No target in view!
No target in view!
A rat comes into view.
Found an escape hatch in the floor.
A rat is nearby!
A rat is nearby!
A kobold comes into view. It is wielding a +0 dagger.
The kobold shouts!
The rat completely misses you.
You hit the rat.
You kill the rat!
You slash the kobold!
You kill the kobold!
No target in view!
No target in view!
No target in view!
No target in view!
No target in view!
No target in view!
No target in view!
No target in view!
No target in view!
No target in view!
No target in view!
No target in view!
No target in view!
No target in view!
Things that are here:
a +0 dagger; a rat corpse A quokka comes into view.
The quokka bites you but does no damage.
A quokka is nearby!
You barely miss the quokka. The quokka barely misses you.
A quokka is nearby!
A quokka is nearby!
A quokka is nearby!
You hit the quokka but do no damage. The quokka barely misses you.
The quokka bites you but does no damage.
You closely miss the quokka. The quokka closely misses you. x2
You slash the quokka!
You kill the quokka!
An endoplasm comes into view.
The endoplasm quivers.
An endoplasm is nearby!
An endoplasm is nearby!
The endoplasm freezes you.
You are frozen.
An endoplasm is nearby!
Your shield prevents you from hitting the endoplasm.
The endoplasm hits you but does no damage.
An endoplasm is nearby!
You slash the endoplasm!
You kill the endoplasm!
No target in view!
No target in view!
No target in view!
No target in view!
HP restored.
You now have 48 gold pieces (gained 13).
An endoplasm, a goblin, a hobgoblin and a kobold come into view.
Found a coral ring.
The endoplasm quivers.
The kobold shouts!
The hobgoblin shouts!
A bat comes into view.
There are monsters nearby!
There are monsters nearby!
A goblin comes into view. It is wielding a +0 club.
The goblin shouts!
The endoplasm barely misses you.
You barely miss the endoplasm.
The endoplasm hits you but does no damage.
The kobold hits you but does no damage.
You hit the endoplasm but do no damage. You block the endoplasm's attack.
The kobold hits you but does no damage.
You hit the endoplasm.
The endoplasm is severely wounded.
The endoplasm hits you but does no damage.
You block the kobold's attack. The endoplasm freezes you.
You are frozen.
You hit the endoplasm.
You kill the endoplasm!
The kobold closely misses you. The kobold hits you with a +0 dagger.
You have reached level 2!
Your demonic ancestry asserts itself...
You grow a small tail.
The bat barely misses you.
You slash the kobold!
You kill the kobold!
The bat barely misses you.
You closely miss the bat. The bat hits you but does no damage.
You block the bat's attack.
You completely miss the hobgoblin. The hobgoblin barely misses you.
The hobgoblin misses you.
You closely miss the hobgoblin.
Your tail-slap misses the hobgoblin.
The hobgoblin hits you but does no damage.
You closely miss the hobgoblin.
The hobgoblin hits you but does no damage.
You hit the hobgoblin.
You kill the hobgoblin!
The bat hits you but does no damage.
You slash the goblin!
You kill the goblin!
You block the bat's attack.
You slash the goblin!
You kill the goblin!
The bat hits you. The bat hits you but does no damage.
You barely miss the bat. You tail-slap the bat.
You kill the bat!
No target in view!
No target in view!
No target in view!
No target in view!
No target in view!
No target in view!
No target in view!
No target in view!
No target in view!
No target in view!
No target in view!
No target in view!
No target in view!
No target in view!
No target in view!
No target in view!
No target in view!
No target in view!
No target in view!
No target in view!
e - a sedimented coppery potion
Items here: ( ))) †††.
Found a hunting sling.
f - a +6 ring of strength
g - a scroll labelled BIC VYRGHOPEUPONK A hobgoblin comes into view.
The hobgoblin shouts!
You feel stronger.
f - a +6 ring of strength (left hand)
You hit the hobgoblin.
The hobgoblin is moderately wounded.
A frilled lizard comes into view.
The hobgoblin hits you.
The frilled lizard hisses angrily.
You hit the hobgoblin but do no damage.
The hobgoblin is moderately wounded.
The hobgoblin closely misses you.
You hit the hobgoblin.
Your tail-slap misses the hobgoblin.
The hobgoblin is severely wounded.
The hobgoblin barely misses you.
The hobgoblin hits you but does no damage.
You hit the hobgoblin.
You kill the hobgoblin!
You see here a hobgoblin corpse.
You closely miss the frilled lizard. You block the frilled lizard's attack.
The frilled lizard bites you but does no damage.
You closely miss the frilled lizard. The frilled lizard bites you.
You slash the frilled lizard!
You kill the frilled lizard!
No target in view!
h - a scarf of harm
Found a ring mail.
i - a fizzy pink potion No target in view!
Okay, then.
You start putting on your armour.
You continue putting on your scarf of harm. x4
You finish putting on your scarf of harm.
You see here a +0 ring mail.
j - a +0 ring mail You start removing your armour.
You continue taking off your +0 scale mail. x4
You finish taking off your +0 scale mail.
You start putting on your armour.
You continue putting on your +0 ring mail. x5
You finish putting on your +0 ring mail.
Drop what? 10/52 slots (_ for help) (? for menu, Esc to quit)
You drop a +0 scale mail.
You open the door.
There is an open door here.
You open the door.
There is an open door here.
A rat comes into view.
A rat is nearby!
A rat is nearby!
The rat barely misses you.
You hit the rat.
You kill the rat!
No target in view!
Found a stone staircase leading down.
No target in view!
A frilled lizard comes into view.
The frilled lizard hisses angrily.
A frilled lizard is nearby!
A frilled lizard is nearby!
The frilled lizard closely misses you.
You slash the frilled lizard!
You kill the frilled lizard!
A ball python comes into view.
You closely miss the ball python. You block the ball python's attack.
The ball python closely misses you.
A ball python is nearby!
A ball python is nearby!
You hit the ball python but do no damage.
The ball python closely misses you. The ball python grabs you.
The ball python constricts you. The ball python bites you.
The ball python constricts you.
You slash the ball python!
You kill the ball python!
You see here a ball python corpse.
You open the door.
There is an open door here.
e - 2 sedimented coppery potions (gained 1)
You open the door.
There is an open door here.
A kobold comes into view. It is wielding a +0 club.
Found a whip.
The kobold shouts!
A kobold is nearby!
A kobold is nearby!
A kobold is nearby!
The kobold hits you with a +0 club.
You barely miss the kobold.
Your tail-slap misses the kobold.
You block the kobold's attack.
A kobold is nearby!
You slash the kobold!
You kill the kobold!
No target in view!
Things that are here:
a +0 club; 4 stones; a kobold corpse A bat comes into view.
The bat hits you but does no damage.
A bat is nearby!
You closely miss the bat. The bat barely misses you.
A bat is nearby!
The bat hits you but does no damage. The bat hits you.
A bat is nearby!
You closely miss the bat. The bat hits you but does no damage.
The bat barely misses you. The bat hits you but does no damage.
You completely miss the bat.
Your tail-slap misses the bat.
The bat hits you but does no damage. x2; The bat closely misses you.
A bat is nearby!
You slash the bat!
You kill the bat!
Key pressed, stopping explore.
No target in view!
Key pressed, stopping explore.
No target in view!
No target in view! 2 goblins come into view.
The goblin shouts! x2
The goblin moves out of view.
A goblin is nearby!
Found a stone staircase leading down.
There are monsters nearby!
There are monsters nearby!
There are monsters nearby!
You hit the goblin.
You kill the goblin!
A goblin comes into view. It is wielding a +0 dagger.
Your Long Blades skill increases to level 3!
You closely miss the goblin. The goblin hits you with a +0 club.
The goblin hits you but does no damage.
You completely miss the goblin. The goblin closely misses you.
You miss the goblin. You block the goblin's attack.
You slash the goblin!
You kill the goblin!
You miss the goblin.
Your tail-slap misses the goblin.
The goblin barely misses you. You block the goblin's attack.
You barely miss the goblin. The goblin hits you with a +0 dagger.
You slash the goblin!
You kill the goblin!
No target in view!
No target in view!
Found 9 bolts.
Items here: ))) †.
An endoplasm comes into view.
The endoplasm quivers.
An endoplasm is nearby!
An endoplasm is nearby!
The endoplasm freezes you.
You are frozen.
You barely miss the endoplasm. The endoplasm freezes you.
You are frozen.
* * * LOW HITPOINT WARNING * * *
You are too injured to fight recklessly!
You are too injured to fight recklessly!
You are too injured to fight recklessly!
An endoplasm is nearby!
You are too injured to fight recklessly!
You hit the endoplasm.
You kill the endoplasm!
You start resting.
HP restored.
A hobgoblin comes into view.
A hobgoblin is nearby!
A hobgoblin is nearby!
You hit the hobgoblin.
You kill the hobgoblin!
No target in view!
No target in view!
You see here a hobgoblin corpse.
Found 16 arrows.
No target in view!
No target in view!
No target in view!
Found a leather armour.
Found 11 stones.
No target in view!
No target in view!
b - a puce potion
Found 13 stones.
Key pressed, stopping explore.
You see here 16 arrows.
A goblin comes into view. It is wielding a +0 dagger.
The goblin shouts!
A goblin is nearby!
A goblin is nearby!
A goblin is nearby!
A goblin is nearby!
You slash the goblin!
You kill the goblin!
No target in view!
No target in view!
You see here a +0 dagger.
Found a stone staircase leading down.
There is a stone staircase leading down here.
A kobold comes into view. It is wielding a +0 whip.
The kobold shouts!
A kobold is nearby!
A kobold is nearby!
The kobold hits you but does no damage.
You hit the kobold.
You kill the kobold!
You have reached level 3!
Your experience leads to an increase in your attributes!
Your base attributes are Str 16, Int 9, Dex 12.
Increase (S)trength, (I)ntelligence, or (D)exterity?
You feel stronger.
Things that are here:
a +0 whip; a kobold corpse You see here a +0 dagger.
Things that are here:
a +0 dagger; a +0 club; a +0 club Key pressed, stopping explore.
No target in view!
No target in view!
No target in view!
Done exploring.
Done exploring.
Done exploring.
Done exploring.
(D) Dungeon
Where to? (? - help)
There is a stone staircase leading down here.
You climb downwards.
Found 25 sling bullets.
There is a stone staircase leading up here.
Found a ring mail and a glowing battleaxe.
You see here a +2 battleaxe of electrocution.
A kobold comes into view. It is wielding a +0 short sword.
The kobold shouts!
You closely miss the kobold.
The kobold hits you with a +0 short sword.
The kobold closely misses you.
You slash the kobold!
You kill the kobold!
No target in view!
HP restored.
Things that are here:
a +0 short sword; a kobold corpse An endoplasm comes into view.
The endoplasm quivers.
An endoplasm is nearby!
The endoplasm barely misses you.
You barely miss the endoplasm. The endoplasm closely misses you.
You block the endoplasm's attack.
You completely miss the endoplasm. The endoplasm hits you.
You slash the endoplasm!
You kill the endoplasm!
You now have 59 gold pieces (gained 11).
k - a grey potion Key pressed, stopping explore.
No target in view!
No target in view!
A worm comes into view.
Found a stone staircase leading up.
A worm is nearby!
A worm is nearby!
You hit the worm.
You tail-slap the worm, but do no damage.
The worm is moderately wounded.
You block the worm's attack.
You slash the worm!
You kill the worm!
Found a stone staircase leading up.
There is a stone staircase leading up here.
i - 2 fizzy pink potions (gained 1)
b - 2 puce potions (gained 1)
A worm and a kobold come into view.
The kobold shouts!
The kobold throws a stone.
The stone hits you but does no damage.
There are monsters nearby!
You slash the kobold!
You kill the kobold!
A hobgoblin comes into view.
Found 7 gold pieces.
You slash the worm!
The worm is heavily wounded.
You block the worm's attack.
You hit the worm.
The worm is severely wounded.
You block the hobgoblin's attack. The worm bites you.
You slash the worm!
You kill the worm!
The hobgoblin closely misses you.
You slash the hobgoblin!
You kill the hobgoblin!
No target in view!
No target in view!
A quokka comes into view.
A quokka is nearby!
A quokka is nearby!
A quokka is nearby!
The quokka bites you.
The quokka bites you but does no damage.
You barely miss the quokka. You block the quokka's attack.
You slash the quokka!
You kill the quokka!
No target in view!
No target in view!
No target in view!
Things that are here:
a +0 dagger; a stone You now have 66 gold pieces (gained 7).
An adder comes into view.
The adder hisses angrily.
An adder is nearby!
An adder is nearby!
Found a Trismegistus Codex.
The adder bites you.
You closely miss the adder. You block the adder's attack. The adder bites you.
You barely miss the adder. The adder bites you but does no damage.
The adder completely misses you.
You closely miss the adder.
Your tail-slap misses the adder.
The adder bites you but does no damage.
You miss the adder. The adder bites you. The adder barely misses you.
You closely miss the adder. The adder bites you but does no damage.
The adder barely misses you.
You slash the adder!
You kill the adder!
You now have 78 gold pieces (gained 12).
You pick up a Trismegistus Codex and begin reading...
You add the spells Ignite Poison, Mephitic Cloud and Freezing Cloud to your library.
Okay, then.
l - 2 pink potions
Found 23 arrows.
Found a stone staircase leading down.
You see here 23 arrows.
A goblin comes into view. It is wielding a +0 club.
The goblin shouts!
A goblin is nearby!
The goblin hits you but does no damage.
You slash the goblin!
You kill the goblin!
No target in view!
You see here a +0 club.
A goblin comes into view. It is wielding a +0 dagger.
The goblin shouts!
You slash the goblin!
You kill the goblin!
No target in view!
Things that are here:
a +0 dagger; a goblin corpse A rat comes into view.
A rat is nearby!
A rat is nearby!
You slash the rat!
You kill the rat!
No target in view!
No target in view!
You see here 23 arrows.
There is a stone staircase leading down here.
A kobold comes into view. It is wielding a +0 short sword.
A kobold is nearby!
You hit the kobold but do no damage.
You tail-slap the kobold, but do no damage.
The kobold closely misses you.
You closely miss the kobold.
The kobold hits you with a +0 short sword.
You slash the kobold!
You kill the kobold!
No target in view!
No target in view!
Things that are here:
a +0 short sword; a kobold corpse
Found a stone staircase leading down.
Found a thin jewelled staff.
There is a stone staircase leading down here.
No target in view!
No target in view!
Found a stone staircase leading down.
A giant cockroach comes into view.
The giant cockroach bites you. The giant cockroach barely misses you.
You hit the giant cockroach.
The giant cockroach is moderately wounded.
The giant cockroach barely misses you.
You barely miss the giant cockroach.
The giant cockroach is moderately wounded.
You block the giant cockroach's attack. x2
You hit the giant cockroach.
The giant cockroach is heavily wounded.
The giant cockroach bites you but does no damage.
A giant cockroach is nearby!
You hit the giant cockroach.
You kill the giant cockroach!
No target in view!
No target in view!
m - a staff of conjuration
There is a stone staircase leading down here.
Found a war axe.
You see here a +0 war axe.
There is a stone staircase leading down here.
Things that are here:
a +0 dagger; a goblin skeleton A rat comes into view.
A rat is nearby!
A rat is nearby!
A rat is nearby!
A rat is nearby!
The rat bites you but does no damage.
You hit the rat but do no damage. The rat barely misses you.
You hit the rat.
You kill the rat!
Done exploring.
Done exploring.
Done exploring.
No target in view!
No target in view!
(D) Dungeon
Where to? (Enter - D:2, ? - help)
There is a stone staircase leading up here.
You see here 25 sling bullets.
You see here a +0 war axe.
There is a stone staircase leading down here.
You climb downwards.
There is a stone staircase leading up here.
You now have 86 gold pieces (gained 8).
n - a scroll labelled VIPLYN NAXTEOGESU A kobold comes into view.
It is wielding a +0 short sword.
Found a stone staircase leading down.
The kobold shouts!
The kobold throws a stone.
The stone hits you but does no damage.
A kobold is nearby!
The kobold throws a stone.
The stone closely misses you.
A kobold is nearby!
You block the kobold's attack.
You slash the kobold!
You kill the kobold!
No target in view!
Things that are here:
a +0 short sword; 2 stones; a kobold corpse No target in view!
There is a stone staircase leading down here.
Found a shadowy altar of Dithmenos.
You now have 87 gold pieces (gained 1).
As you open the door, it creaks loudly!
There is an open door here.
A giant cockroach comes into view.
A giant cockroach is nearby!
A giant cockroach is nearby!
The giant cockroach bites you but does no damage.
You barely miss the giant cockroach.
Your tail-slap misses the giant cockroach.
The giant cockroach barely misses you.
The giant cockroach bites you but does no damage.
You slash the giant cockroach!
You kill the giant cockroach!
Found a buckler.
No target in view!
Found a stone staircase leading up.
A quokka comes into view.
Found a grey potion.
The quokka bites you but does no damage.
You miss the quokka. The quokka misses you.
A quokka is nearby!
You closely miss the quokka.
Your tail-slap misses the quokka.
The quokka closely misses you. You block the quokka's attack.
You miss the quokka. The quokka bites you.
You barely miss the quokka.
Your tail-slap misses the quokka.
The quokka barely misses you. The quokka misses you.
A quokka is nearby!
A quokka is nearby!
You hit the quokka but do no damage.
Your tail-slap misses the quokka.
The quokka barely misses you.
A quokka is nearby!
You slash the quokka!
You kill the quokka!
Key pressed, stopping explore.
No target in view!
HP restored.
Key pressed, stopping explore.
No target in view!
No target in view!
k - 2 grey potions (gained 1) Key pressed, stopping explore.
No target in view!
o - 3 scrolls labelled QOPEUCIWOW No target in view!
There is an open door here.
You open the door.
There is an open door here.
You open the door.
There is an open door here.
Found 13 sling bullets.
No target in view!
Found 11 stones.
No target in view!
You see here 11 stones.
You now have 97 gold pieces (gained 10).
You open the door.
There is an open door here.
A goblin comes into view. It is wielding a +0 club.
The goblin shouts!
The goblin moves out of view.
No target in view!
A goblin comes into view. It is wielding a +0 dagger.
There are monsters nearby!
There are monsters nearby!
The goblin hits you but does no damage.
A goblin is nearby!
You closely miss the goblin. The goblin closely misses you.
A goblin is nearby!
Your shield and ring mail prevent you from hitting the goblin.
The goblin closely misses you. The goblin hits you with a +0 club.
You slash the goblin!
You kill the goblin!
A goblin is nearby!
You closely miss the goblin. You block the goblin's attack.
A goblin is nearby!
You closely miss the goblin. You tail-slap the goblin.
You kill the goblin!
You see here a +0 club.
Found 20 bolts.
No target in view!
Found a stone staircase leading down.
You see here 20 bolts.
A giant cockroach comes into view.
You see here 19 gold pieces.
A giant cockroach is nearby!
You block the giant cockroach's attack.
The giant cockroach bites you but does no damage.
A giant cockroach is nearby!
You closely miss the giant cockroach.
The giant cockroach bites you but does no damage.
A giant cockroach is nearby!
You hit the giant cockroach.
You kill the giant cockroach!
You now have 116 gold pieces (gained 19).
You see here a giant cockroach corpse.
n - 2 scrolls labelled VIPLYN NAXTEOGESU (gained 1)
You now have 127 gold pieces (gained 11).
You open the door.
There is an open door here.
A frilled lizard comes into view.
The frilled lizard hisses angrily.
A frilled lizard is nearby!
The frilled lizard barely misses you.
A frilled lizard is nearby!
You barely miss the frilled lizard. The frilled lizard closely misses you.
A frilled lizard is nearby!
A frilled lizard is nearby!
You miss the frilled lizard.
The frilled lizard bites you but does no damage.
The frilled lizard misses you.
A frilled lizard is nearby!
You closely miss the frilled lizard. The frilled lizard closely misses you.
You hit the frilled lizard.
You kill the frilled lizard!
You see here a frilled lizard corpse.
You open the door.
There is an open door here.
You open the door.
There is an open door here.
An endoplasm comes into view.
The endoplasm quivers.
An endoplasm is nearby!
An endoplasm is nearby!
You slash the endoplasm!
You kill the endoplasm!
You have reached level 4!
You feel agile.
An adder comes into view.
The adder hisses angrily.
An adder is nearby!
An adder is nearby!
You miss the adder. The adder barely misses you.
The adder bites you but does no damage.
An adder is nearby!
You completely miss the adder. The adder closely misses you.
You slash the adder!
You kill the adder!
Your Long Blades skill increases to level 4!
No target in view!
No target in view!
No target in view!
You see here an adder corpse.
Found 21 arrows.
You see here 21 arrows.
You see here an adder corpse.
Key pressed, stopping explore.
No target in view!
Key pressed, stopping explore.
No target in view!
Found a stone staircase leading up.
No target in view!
No target in view!
No target in view!
There is an open door here.
A ball python comes into view.
The ball python hisses angrily.
The ball python moves out of view.
A ball python is nearby!
A ball python is nearby!
Your ring mail prevents you from hitting the ball python.
You tail-slap the ball python.
The ball python is severely wounded.
The ball python bites you but does no damage.
The ball python misses you.
A ball python is nearby!
You hit the ball python.
You kill the ball python!
Key pressed, stopping explore.
Key pressed, stopping explore.
No target in view!
You open the door.
Key pressed, stopping explore.
No target in view!
There is an open door here.
Found a stone staircase leading down.
No target in view!
Done exploring.
No target in view!
Done exploring.
No target in view!
Done exploring.
No target in view!
Done exploring.
Done exploring.
(D) Dungeon
Where to? (Enter - D:3, ? - help)
There is a stone staircase leading down here.
You climb downwards.
Found an escape hatch in the ceiling.
There is a stone staircase leading up here.
Key pressed, stopping travel.
There is an escape hatch in the ceiling here.
Found Nuojis's General Store.
Found an embroidered cloak.
There is an entrance to Nuojis's General Store here.
You can access your shopping list by pressing '$'.
You now have 140 gold pieces (gained 13).
Found a stone staircase leading down.
You see here a +2 cloak.
p - a +2 cloak You start removing your armour.
You continue taking off your scarf of harm. x4
You finish taking off your scarf of harm.
You start putting on your armour.
You continue putting on your +2 cloak. x5
You finish putting on your +2 cloak.
Drop what? 16/52 slots (_ for help) (? for menu, Esc to quit)
You drop a scarf of harm.
A kobold comes into view. It is wielding a +0 club.
A kobold is nearby!
A kobold is nearby!
A kobold is nearby!
The kobold shouts!
You hear a shout!
The kobold drinks a potion.
The kobold seems to speed up.
There is a stone staircase leading down here.
You barely miss the kobold.
Your tail-slap misses the kobold.
The kobold hits you with a +0 club.
A kobold comes into view. It is wielding a +0 dagger.
A kobold comes into view.
It is wielding a +0 short sword and quivering poisoned darts.
You block the kobold's attack.
You hit the kobold but do no damage.
You tail-slap the kobold, but do no damage.
The kobold hits you but does no damage. x2
You slash the kobold!
You kill the kobold!
Found a potion of haste.
You block the kobold's attack.
Things that are here:
a +0 club; a kobold corpse
There are monsters nearby!
You barely miss the kobold. You tail-slap the kobold.
The kobold is severely wounded.
The kobold barely misses you. The kobold closely misses you.
You block the kobold's attack.
You barely miss the kobold.
The kobold is severely wounded.
The kobold closely misses you.
The kobold hits you with a +0 short sword.
You closely miss the kobold.
Your tail-slap misses the kobold.
The kobold is severely wounded.
The kobold hits you but does no damage. The kobold barely misses you.
The kobold hits you but does no damage.
You completely miss the kobold. You tail-slap the kobold.
You kill the kobold!
The kobold hits you but does no damage.
You barely miss the kobold.
You tail-slap the kobold, but do no damage.
The kobold closely misses you. The kobold hits you but does no damage.
You miss the kobold.
Your tail-slap misses the kobold.
The kobold closely misses you.
You barely miss the kobold. The kobold barely misses you.
You slash the kobold!
You kill the kobold!
HP restored.
Found a stone staircase leading down.
Things that are here:
a +0 short sword; 6 poisoned darts; a kobold corpse
Things that are here:
a +0 dagger; a kobold corpse
h - a potion of haste
There is a stone staircase leading down here.
A howler monkey comes into view.
The howler monkey howls!
The howler monkey hoots and howls with incredible vigour!
You hear a shout!
You hear an angry hiss.
You hear a shout! x4
The howler monkey hits you. You block the howler monkey's attack.
You closely miss the howler monkey. The howler monkey hits you.
You slash the howler monkey!
The howler monkey is heavily wounded.
The howler monkey closely misses you. You block the howler monkey's attack.
You completely miss the howler monkey. You tail-slap the howler monkey.
The howler monkey is heavily wounded.
The howler monkey hits you.
You slash the howler monkey!
You kill the howler monkey!
No target in view!
No target in view!
Pikel the Slaver comes into view.
He is wielding a +0 whip of electrocution.
Pikel is nearby!
Pikel is nearby!
Pikel is nearby!
An adder comes into view.
There is a stone staircase leading down here.
Things that are here:
a +0 dagger; a kobold corpse
Things that are here:
a +0 club; a kobold corpse
There is a stone staircase leading down here.
Pikel says, "All the demons know me.
They respect me."
Pikel cracks his whip.
Pikel cracks his whip.
There is an escape hatch in the ceiling here.
There is a stone staircase leading up here.
You climb upwards.
There is a stone staircase leading down here.
You start resting.
HP restored.
Unknown command.
There is an open door here.
You see here a +0 dagger.
You see here a +0 club.
There is a stone staircase leading down here.
You climb downwards.
Level annotation: Pikel Ijyb shouts!
You hear a shout!
There is a stone staircase leading up here.
There's nothing to open nearby.
Ijyb is nearby!
Ijyb hits you with a +0 dagger.
Press: ? - help, v - describe, . - travel
Here: Ijyb, wielding a +0 dagger, wearing a +0 ring mail and carrying a wand of mindburst (14)
The floor.
Unknown command.
Unknown command.
Unknown command.
Unknown command.
Unknown command.
Unknown command.
You barely miss Ijyb. Ijyb screams, "I no like you!"
Ijyb zaps a wand.
Your mind is blasted!
Ouch! That really hurt!
You die...

#.########
.......<.#
#.######@#
#g# #.#
#.# #.#
#.. #..
#..


You could see Ijyb.

Vanquished Creatures
  A howler monkey (D:4)
  2 adders
  2 worms (D:2)
  5 endoplasms
  3 giant cockroaches
  4 hobgoblins
  11 kobolds
  3 quokkas
  3 ball pythons
  2 bats (D:1)
  3 frilled lizards
  10 goblins
  6 rats
55 creatures vanquished.

Vanquished Creatures (others)
  13 fungi (D:4)
13 creatures vanquished.

Grand Total: 68 creatures vanquished

Notes
Turn   | Place    | Note
-------+----------+-------------------------------------------
     0 | D:1      | sleeves the Demonspawn Fighter began the quest for the Orb.
     0 | D:1      | Reached XP level 1. HP: 18/18 MP: 1/1
    47 | D:1      | Reached skill level 2 in Long Blades
   144 | D:1      | Gained mutation: You have a small tail. [demonic ancestry]
   144 | D:1      | Reached XP level 2. HP: 19/24 MP: 2/2
   580 | D:1      | Reached skill level 3 in Long Blades
   670 | D:1      | HP: 12/24 [frozen (6)]
  1109 | D:1      | Reached XP level 3. HP: 29/29 MP: 3/3
  2253 | D:3      | Found a shadowy altar of Dithmenos.
  2836 | D:3      | Reached XP level 4. HP: 35/35 MP: 4/4
  2847 | D:3      | Reached skill level 4 in Long Blades
  3068 | D:4      | Found Nuojis's General Store.
  3193 | D:4      | Noticed Pikel
  3319 | D:4      | Noticed Ijyb
  3321 | D:4      | Blown up by Ijyb

Illustrated notes

Levels and vault maps discovered:
D:1:      onia_arrival_handbag, layout_basic, minmay_heptomino_o4
D:2:      layout_loops_ring
D:3:      layout_basic, grunt_dithmenos_smoke_and_mirrors
D:4:      layout_loops_ring, bloody_makhleb, pdpol_wu_jian_five_deadly_venoms,
          serial_aquarium, aquarium_bridge_long_separate
          [aquarium_subvault_bridge, aquarium_subvault_balcony,
          aquarium_subvault_bridge, aquarium_subvault_bridge,
          aquarium_subvault_wall, aquarium_subvault_bridge],
          aquarium_bridge_square [aquarium_subvault_window,
          aquarium_subvault_bridge, aquarium_subvault_wall,
          aquarium_subvault_wall], aquarium_window_1,
          aquarium_window_corridor_3, aquarium_window_1, aquarium_view_2e,
          aquarium_balcony_5b, serial_shops, nicolae_inconvenience_store,
          nicolae_shop_stone, nicolae_shop_waterfront, shop,
          nicolae_shop_crystal, uniq_pikel, uniq_ijyb

Skill      XL: |  1  2  3  4 |
---------------+-------------+-----
Long Blades    | 2 3 4 |  4.6
Fighting       | |  3.0
Armour         | |  2.6
Shields        | |  2.6

Action                   |  1- 3 |  4- 6 || total
-------------------------+-------+-------++-------
Melee: Long sword        |   109 |    21 ||   130
       Tailslap          |     4 |     6 ||    10
Armor: Scale mail        |    15 |       ||    15
       Ring mail         |    24 |     8 ||    32
Dodge: Dodged            |    48 |    11 ||    59
Block: Buckler           |    22 |     5 ||    27

Table legend: (Time is in decaauts)
 A = Elapsed time spent in this place.
 B = Non-inter-level travel time spent in this place.
 C = Inter-level travel time spent in this place.
 D = Time resting spent in this place.
 E = Time spent auto-exploring this place.
 F = Levels seen in this place.
 G = Mean time per level.
                   A        B        C        D        E       F      G
               +--------+--------+--------+--------+--------+-----+--------+
         Total |   3355 |   3247 |    108 |    173 |   2636 |   4 |  838.8 |
       Dungeon |   3355 |   3247 |    108 |    173 |   2636 |   4 |  838.8 |
               +--------+--------+--------+--------+--------+-----+--------+

Top non-repeatable levels by time:
     D:1: 1230 daAuts
     D:3: 1081 daAuts
     D:2: 848 daAuts
     D:4: 195 daAuts
